Map: Ascension to Aiur LE

Players

PixelMush - Winner!

  • Race: Protoss Protoss
  • League: Silver
  • Spawn Location: 5:00

TonyMM

  • Race: Terran Terran
  • Spawn Location: 11:00

VOD

Have the link to the VOD?

Description

Just practicing a build. I'm sure people can tighten it up.

Time

  • Played on: Nov. 8, 2017, 2:02 a.m.
  • Length: 5:53
Show
View Real Time Build Order
Export as new Build Order

PixelMush Protoss - Winner!

Build Orders: Oracle Opening 

Get SALT Encoding   

  12  0:01  Probe (Chrono Boost)  
  13  0:11  Probe (Chrono Boost)  
  14  0:18  Pylon  
  14  0:27  Probe (Chrono Boost)  
  15  0:37  Probe (Chrono Boost)  
  15  0:38  Gateway  
  16  0:46  Assimilator  
  16  0:51  Assimilator  
  16  0:55  Probe (Chrono Boost)  
  17  1:06  Probe (Chrono Boost)  
  18  1:17  Probe (Chrono Boost)  
  19  1:28  Cybernetics Core  
  19  1:37  Probe (Chrono Boost)  
  20  1:48  Pylon, Probe (Chrono Boost)  
  21  2:00  Probe (Chrono Boost)  
  22  2:07  Adept  
  24  2:12  Stargate  
  24  2:14  Mothership Core (Chrono Boost)  
  26  2:16  Warp Gate  
  26  2:32  Probe (Chrono Boost)  
  27  2:52  Nexus  
  27  3:00  Oracle (Chrono Boost)  
  30  3:06  Probe  
  31  3:19  Pylon  
  31  3:29  Gateway  
  31  3:32  Gateway  
  31  3:37  Probe  
  32  3:45  Oracle (Chrono Boost)  
  35  3:49  Probe  
  36  4:06  Probe  
  36  4:08  Probe  
  38  4:20  Probe  
  39  4:27  Oracle (Chrono Boost)  
  42  4:35  Probe  
  42  4:37  Probe  
  44  4:48  Assimilator  
  44  4:49  Probe x2  
  44  4:52  Assimilator  
  46  4:59  Probe  
  46  5:01  Probe  
  46  5:04  Pylon  
  46  5:05  Adept x3  
  54  5:22  Probe, Oracle (Chrono Boost)  
Show
View Real Time Build Order
Export as new Build Order

TonyMM Terran 

Build Orders:  

Get SALT Encoding   

  12  0:01  SCV  
  13  0:13  SCV  
  14  0:23  Supply Depot  
  14  0:29  SCV  
  15  0:45  SCV  
  15  0:47  Barracks  
  16  0:57  SCV  
  17  1:09  SCV  
  18  1:20  Refinery  
  18  1:21  SCV  
  19  1:33  SCV  
  19  1:35  Supply Depot  
  20  1:45  SCV  
  21  1:57  SCV  
  22  2:02  Engineering Bay  
  22  2:10  SCV  
  23  2:19  Barracks  
  23  2:26  SCV  
  24  2:30  Terran Infantry Weapons Level 1  
  24  2:34  Marine  
  25  2:42  Orbital Command  
  24  2:53  Barracks Reactor  
  24  3:07  Barracks  
  24  3:13  Bunker  
  24  3:20  Barracks Tech Lab  
  24  3:37  SCV  
  25  3:49  SCV  
  25  3:51  Marine x2  
  25  3:55  Reaper, Barracks  
  29  4:01  SCV  
  28  4:03  Supply Depot  
  28  4:09  Marine x2  
  16  4:26  Marine  
  16  4:27  Marine  
  16  4:30  SCV  
  19  4:42  SCV  
  19  4:44  Marine x2, Refinery  
  23  4:54  SCV  
  23  4:57  Missile Turret  
  24  5:06  SCV  
  25  5:08  Factory  
  28  5:18  Reaper, SCV  
  28  5:19  Marine x2, Missile Turret  
  28  5:26  Supply Depot  
  20  5:30  SCV  
Tags
 
Add a new tag
Caveats
  • Supply blocks, unpowered buildings, or Contaminate may cause inaccurate times.
  • Supply counts are checked every 10 seconds.